 Dungeon Crawl Stone Soup version 0.27-a0-1359-ga2a4dfd6fd (webtiles) character file.

Game seed: 16084713156568667986

553 Towns the Cleaver (level 7, -3/68 HPs)
             Began as a Hill Orc Monk on June 29, 2021.
             Killed from afar by a gnoll (13 damage)
             ... with a bolt of acid
             ... on level 3 of the Dungeon.
             The game lasted 00:33:21 (6427 turns).

Towns the Cleaver (Hill Orc Monk)                   Turns: 6427, Time: 00:33:22

Health: -3/68      AC:  7    Str: 16    XL:     7   Next: 29%
Magic:  6/6        EV: 11    Int: 10    God:
Gold:   99         SH:  0    Dex: 13    Spells: 6/6 levels left

rFire    . . .     SeeInvis .   a - +1 hand axe
rCold    . . .     Faith    .   (no shield)
rNeg     . . .     Spirit   .   j - +0 ring mail
rPois    .         Reflect  .   m - +0 helmet
rElec    .         Harm     .   (no cloak)
rCorr    .         Rampage  .   (no gloves)
Will     +....                  (no boots)
Stlth    +.........             (no amulet)
HPRegen  0.21/turn              (no ring)
MPRegen  0.10/turn              (no ring)

@: brilliant
A: low mp 1, strong-willed 1, robust 1
a: no special abilities


You were on level 3 of the Dungeon.
You visited 1 branch of the dungeon, and saw 4 of its levels.
You also visited: Sewer.

You collected 99 gold pieces.

Inventory:

Hand Weapons
 a - a +1 hand axe (weapon)
 p - a +2 trident of flaming
Missiles
 c - 118 stones (quivered)
 l - 3 throwing nets
Armour
 b - a +0 robe
 j - a +0 ring mail (worn)
 m - a +0 helmet (worn)
Jewellery
 e - an amulet of magic regeneration
Wands
 i - a wand of acid (4)
Scrolls
 f - a scroll of enchant weapon
 h - 2 scrolls of identify
 k - a scroll of amnesia
 n - a scroll of magic mapping {unknown}
Potions
 d - a potion of degeneration {unknown}
 g - a potion of ambrosia


   Skills:
 + Level 5.8 Fighting
 * Level 8.0 Axes
 + Level 3.8 Armour
 - Level 2.4 Dodging
 - Level 1.5 Stealth


You had 6 spell levels left.
You didn't know any spells.
Your spell library contained the following spells:

 Spells                   Type           Power      Damage    Failure   Level
 Beastly Appendage        Tmut           0%         N/A       56%         1
 Wereblood                Tmut           0%         N/A       71%         2
 Spider Form              Tmut/Pois      0%         N/A       90%         3
 Ice Form                 Ice/Tmut       0%         N/A       100%        4


Dungeon Overview and Level Annotations

Branches:
Dungeon (4/15)              Sewer (visited)
 Temple: D:4-7

Altars:
Hepliaklqana


Innate Abilities, Weirdness & Mutations

Your magical capacity is low. (-10% MP)
You are strong-willed. (Will+)
You are robust. (+10% HP)


Message History

The gnoll closely misses you.
You slash the gnoll!
The gnoll is severely wounded.
You hit the jackal. The jackal bites you. The gnoll hits you with a +0 flail.
The jackal closely misses you.
You slash the gnoll!
You kill the gnoll!
You hit the jackal. The jackal bites you.
You closely miss the jackal.
The jackal is almost dead.
The jackal bites you but does no damage.
You hit the jackal.
You kill the jackal!
You start resting.
HP restored.
You climb downwards.
The gnoll zaps a wand.
The bolt of acid hits you!
You are splashed with acid!
There is a stone staircase leading up, spattered with blood here.
You climb upwards.
There is a stone staircase leading down, spattered with blood here.
You start resting.
HP restored.
You climb downwards.
There is a stone staircase leading up, spattered with blood here.
The gnoll closely misses you.
You climb upwards.
There is a stone staircase leading down, spattered with blood here.
You hit the gnoll but do no damage.
The gnoll zaps a wand.
The bolt of acid hits you!!
You are splashed with acid!
You hit the gnoll but do no damage. The gnoll hits you with a +0 whip.
You barely miss the gnoll.
The gnoll zaps a wand.
The bolt of acid hits you!!
* * * LOW HITPOINT WARNING * * *
You are splashed with acid!
* * * LOW HITPOINT WARNING * * *
You are too injured to fight recklessly!
Okay, then.
It was a potion of brilliance.
You feel clever all of a sudden.
The gnoll zaps a wand.
The bolt of acid hits you!
You die...

..#.....######.#.######.#########
..#...<.......)#........#
.##......#####.#.########
##+......# #.#.#
###.....######.#.#
...............#.#
###.....######...# # #.....#
##)g# # ####### #)@# # #### #


You could see a gnoll.

Vanquished Creatures
  A water moccasin (D:3)
  2 bullfrogs (Sewer)
  12 adders
  8 gnolls
  An ufetubus (D:4)
  2 worms (D:3)
  A dart slug (D:1)
  7 ball pythons
  2 bats (D:1)
  16 endoplasms
  16 giant cockroaches
  6 goblins
  6 hobgoblins
  8 jackals
  13 kobolds
  13 quokkas
  9 frilled lizards
  6 rats
129 creatures vanquished.

Vanquished Creatures (others)
  A plant (D:1)
1 creature vanquished.

Grand Total: 130 creatures vanquished

Notes
Turn   | Place    | Note
-------+----------+-------------------------------------------
     0 | D:1      | Towns the Hill Orc Monk began the quest for the Orb.
     0 | D:1      | Reached XP level 1. HP: 19/19 MP: 1/1
     2 | D:1      | Noticed a minotaur skeleton
     7 | D:1      | Noticed a human
    12 | D:1      | Noticed an ogre
    14 | D:1      | Noticed an ogre
    14 | D:1      | Noticed a minotaur
    16 | D:1      | Noticed a formicid
   291 | D:1      | Reached XP level 2. HP: 27/27 MP: 2/2
   503 | D:1      | Found a faded altar of an unknown god.
   522 | D:1      | Reached skill level 1 in Armour
   733 | D:1      | Reached XP level 3. HP: 33/33 MP: 3/3
   860 | D:1      | Reached skill level 5 in Axes
  1977 | D:2      | Reached XP level 4. HP: 40/40 MP: 4/4
  2559 | D:3      | Found a hazy altar of Hepliaklqana.
  2882 | D:3      | Found a glowing drain.
  2886 | Sewer    | Entered a sewer
  3171 | Sewer    | Reached XP level 5. HP: 47/47 MP: 5/5
  3277 | Sewer    | Reached skill level 6 in Axes
  4018 | Sewer    | Reached skill level 5 in Fighting
  4078 | Sewer    | Reached XP level 6. HP: 56/56 MP: 6/6
  4106 | Sewer    | Reached skill level 7 in Axes
  4487 | D:3      | Noticed a water moccasin
  4592 | D:3      | Gained mutation: Your magical capacity is low. (-10% MP)
                  | [potion of mutation]
  4592 | D:3      | Gained mutation: You are robust. (+10% HP) [potion of
                  | mutation]
  4592 | D:3      | Gained mutation: You are strong-willed. (Will+) [potion of
                  | mutation]
  4600 | D:3      | Killed a water moccasin
  4601 | D:3      | Reached XP level 7. HP: 33/67 MP: 6/6
  6095 | D:4      | Reached skill level 8 in Axes
  6427 | D:3      | Killed from afar by a gnoll

Illustrated notes

Levels and vault maps discovered:
D:1:      shiori_arrival_whats_in_store_for_you, layout_basic,
          shapermc_ecumenical_altar_mp_ritualfount, minmay_crystal_water
D:2:      layout_loops_ring
D:3:      layout_basic, overflow_temple_1_default, gup_sewer_entry_spiral,
          minmay_goblin_kobold_house
D:4:      layout_gridville, kennysheep_vampire_church

Skill      XL: |  1  2  3  4  5  6  7 |
---------------+----------------------+-----
Armour         | 1 2 3 |  3.8
Fighting       | 4 5 |  5.8
Axes           | 5 6 7 8 |  8.0
Dodging        | |  2.4
Stealth        | |  1.5

Action                   |  1- 3 |  4- 6 |  7- 9 || total
-------------------------+-------+-------+-------++-------
Melee: Hand axe          |   149 |   295 |    74 ||   518
Throw: Stone             |    77 |    92 |    24 ||   193
  Use: Scroll            |       |     7 |       ||     7
       Potion            |       |     4 |     2 ||     6
 Stab: Sleeping          |     1 |       |       ||     1
Armor: Robe              |    15 |       |       ||    15
       Ring mail         |     9 |    96 |    22 ||   127
Dodge: Dodged            |    84 |   152 |    40 ||   276

Table legend: (Time is in decaauts)
 A = Elapsed time spent in this place.
 B = Non-inter-level travel time spent in this place.
 C = Inter-level travel time spent in this place.
 D = Time resting spent in this place.
 E = Time spent auto-exploring this place.
 F = Levels seen in this place.
 G = Mean time per level.
                   A        B        C        D        E       F      G
               +--------+--------+--------+--------+--------+-----+--------+
         Total |   6618 |   6303 |    315 |   2835 |   1172 |   5 | 1323.6 |
       Dungeon |   5041 |   4726 |    315 |   2001 |   1172 |   4 | 1260.2 |
         Sewer |   1576 |   1576 |      0 |    833 |      0 |   1 | 1576.0 |
               +--------+--------+--------+--------+--------+-----+--------+

Top non-repeatable levels by time:
     D:3: 1840 daAuts
     D:1: 1590 daAuts
   Sewer: 1576 daAuts
     D:2: 1334 daAuts
     D:4: 276 daAuts
